Map: Shrines of Lizul

Players

Nightmare - Winner!

  • Race: Protoss Protoss
  • Spawn Location: 12:00

XxDepravity - Winner!

  • Race: Zerg Zerg
  • League: Gold
  • Spawn Location: 3:00

JoeBlow

  • Race: Terran Terran
  • Spawn Location: 6:00

TeeWhy

  • Race: Terran Terran
  • League: Gold
  • Spawn Location: 9:00

VOD

Have the link to the VOD?

Description

I think both sides played pretty horribly, but I was having a blast because I got to mass my 2 favorite units.

Time

  • Played on: Jan. 30, 2019, 8:40 p.m.
  • Length: 13:54
Show
View Real Time Build Order
Export as new Build Order

Nightmare Protoss - Winner!

Build Orders: Oracle Opening 

Get SALT Encoding   

  1  0:00  Probe  
  12  0:05  Probe  
  14  0:15  Probe  
  15  0:23  Pylon  
  15  0:41  Gateway, Probe  
  16  0:53  Probe, Forge  
  17  1:04  Assimilator  
  17  1:06  Probe  
  18  1:18  Probe  
  19  1:30  Cybernetics Core  
  19  1:35  Photon Cannon  
  19  1:40  Pylon  
  19  1:44  Probe  
  20  2:07  Nexus  
  20  2:14  Probe  
  20  2:16  Assimilator  
  20  2:22  Probe, Warp Gate  
  22  2:32  Probe  
  23  2:46  Stargate  
  23  2:49  Pylon  
  23  2:51  Probe  
  24  3:03  Photon Cannon, Probe  
  25  3:10  Pylon  
  25  3:15  Probe  
  26  3:24  Probe, Stargate  
  26  3:25  Probe  
  26  3:32  Probe  
  26  3:33  Probe  
  30  3:42  Probe  
  30  3:43  Probe  
  32  3:54  Probe  
  32  3:55  Probe, Oracle  
  34  4:00  Assimilator  
  34  4:01  Oracle  
  34  4:06  Probe  
  34  4:07  Probe  
  42  4:20  Probe x2  
  44  4:26  Assimilator  
  44  4:32  Probe  
  44  4:33  Probe  
  46  4:44  Probe  
  46  4:45  Probe  
  48  4:57  Probe  
  49  5:05  Protoss Ground Weapons Level 1  
  49  5:07  Gateway  
  49  5:17  Robotics Facility  
  49  5:22  Robotics Facility  
  49  5:28  Twilight Council  
  49  5:29  Probe x2  
  51  5:59  Pylon x2  
  51  6:02  Pylon x2  
  51  6:13  Pylon, Robotics Bay  
  51  6:23  Pylon  
  51  6:28  Pylon  
  51  6:29  Void Ray x2  
  51  6:30  Pylon  
  59  6:37  Pylon  
  59  6:39  Pylon, Charge  
  59  6:40  Zealot x2  
  63  6:49  Protoss Shields Level 1  
  63  6:55  Colossus x2  
  63  7:02  Gateway  
  63  7:03  Gateway  
  63  7:04  Gateway  
  75  7:10  Zealot x2  
  79  7:21  Extended Thermal Lance  
  79  7:31  Nexus  
  79  7:36  Zealot x2  
  83  7:48  Colossus  
  89  8:06  Void Ray x2  
  91  8:20  Colossus  
  97  8:29  Assimilator  
  97  8:34  Assimilator  
  97  8:36  Pylon  
  97  8:38  Pylon  
  97  8:40  Pylon  
  95  8:43  Immortal  
  83  9:15  Immortal  
  87  9:25  Zealot x5  
  87  9:28  Probe x3  
  100  9:40  Void Ray x2, Probe x3  
  100  9:45  Colossus  
  111  9:52  Probe x2  
  119  10:13  Colossus  
  111  10:23  Void Ray  
  111  10:24  Zealot  
  111  10:25  Zealot x4  
  125  10:28  Colossus  
  123  10:54  Pylon  
  119  10:57  Pylon  
  119  11:05  Immortal  
  121  11:19  Void Ray x2  
  121  11:23  Immortal  
  127  11:56  Zealot x4  
  127  11:57  Zealot  
  137  12:01  Void Ray  
  137  12:02  Immortal  
  137  12:03  Immortal  
  139  12:23  Zealot  
  139  12:24  Zealot x4  
  132  12:50  Colossus x2  
  132  12:58  Zealot x3  
  132  12:59  Zealot x2  
  138  13:46  Stalker x4  
Show
View Real Time Build Order
Export as new Build Order

XxDepravity Zerg - Winner!

Build Orders: Hatch First, Roach Nydus 

Get SALT Encoding   

  12  0:01  Drone  
  13  0:13  Overlord  
  13  0:18  Drone  
  14  0:37  Drone  
  14  0:38  Drone x2  
  17  0:59  Drone, Hatchery  
  17  1:06  Drone  
  18  1:12  Extractor  
  17  1:22  Spawning Pool  
  17  1:23  Drone x2  
  18  1:32  Drone  
  19  1:48  Drone  
  20  1:56  Overlord  
  20  2:09  Queen  
  20  2:12  Zergling x2, Queen  
  20  2:13  Zergling x2  
  26  2:15  Drone  
  26  2:21  Metabolic Boost  
  27  2:23  Drone  
  28  2:35  Zergling x4  
  30  2:38  Drone  
  31  2:48  Queen  
  33  2:54  Lair  
  33  2:55  Drone x2  
  33  2:56  Drone  
  36  3:05  Overlord  
  36  3:28  Overlord x2  
  36  3:29  Drone  
  37  3:38  Hatchery  
  37  3:41  Roach Warren  
  35  3:44  Drone  
  35  3:45  Extractor, Drone  
  36  3:54  Drone x3  
  36  3:55  Drone  
  40  3:58  Drone  
  41  4:09  Drone x4  
  45  4:16  Drone x2  
  47  4:21  Zergling x2  
  48  4:40  Roach x3  
  48  4:41  Roach x3  
  48  4:43  Overlord  
  48  4:44  Overlord  
  60  4:52  Nydus Network  
  59  4:53  Queen  
  59  4:59  Drone x2  
  63  5:04  Glial Reconstitution  
  63  5:17  Evolution Chamber x2  
  61  5:34  Nydus Canal  
  61  5:41  Drone  
  61  5:42  Drone x8  
  53  6:44  Roach  
  53  6:45  Roach x13  
  81  6:48  Burrow  
  81  6:49  Tunneling Claws  
  81  6:52  Drone  
  82  6:54  Extractor  
  82  6:56  Extractor  
  80  7:12  Extractor, Overseer  
  79  7:38  Overlord x3  
  79  7:53  Nydus Canal  
  79  8:15  Queen  
  79  8:18  Nydus Canal  
  79  8:23  Zergling x2  
  79  8:24  Zergling x36  
  72  8:36  Roach  
  72  8:37  Roach x2  
  72  8:40  Nydus Canal  
  74  8:59  Roach x6  
  82  9:05  Zerg Missile Weapons Level 1, Zerg Ground Armor Level 1  
  72  9:10  Nydus Canal  
  67  9:22  Nydus Canal  
  67  9:28  Drone  
  67  9:29  Drone x2  
  70  9:34  Drone x3  
  70  9:35  Drone x8  
  81  9:45  Queen x2  
  85  9:47  Zergling x2  
  85  9:48  Zergling x12  
  94  9:53  Baneling Nest  
  94  9:59  Nydus Canal  
  73  10:17  Roach x5  
  72  10:21  Overlord  
  72  10:25  Roach  
  55  10:51  Nydus Canal  
  51  11:02  Overlord x3  
  18  11:34  Drone  
  18  12:09  Roach x9  
  18  12:17  Roach x5  
  18  12:18  Roach x4  
  18  12:33  Roach x9  
  18  12:39  Roach x8  
  18  12:48  Roach x9  
  18  12:55  Roach x9  
  18  12:59  Roach x8  
  18  13:04  Roach x8  
  18  13:11  Roach x8  
  16  13:30  Roach x8  
Show
View Real Time Build Order
Export as new Build Order

JoeBlow Terran 

Build Orders:  

Get SALT Encoding   

  12  0:01  SCV  
  13  0:13  SCV  
  14  0:22  Supply Depot  
  14  0:25  SCV  
  15  0:35  Supply Depot  
  15  0:44  SCV  
  15  0:47  Barracks  
  16  0:56  SCV  
  17  0:57  Refinery  
  17  1:07  Refinery  
  17  1:09  SCV  
  18  1:33  SCV  
  19  1:49  Command Center  
  19  1:51  SCV  
  20  1:58  Marine  
  21  2:11  Factory  
  21  2:16  SCV  
  21  2:21  Barracks Tech Lab  
  22  2:30  SCV  
  23  2:44  Engineering Bay, SCV  
  24  3:01  Barracks  
  24  3:04  SCV  
  25  3:08  Barracks Reactor  
  25  3:10  SCV  
  26  3:19  Missile Turret  
  26  3:21  SCV  
  27  3:32  Siege Tank  
  30  3:43  Orbital Command  
  30  3:45  Marine  
  31  3:56  Barracks Tech Lab  
  31  4:02  Starport  
  31  4:08  Marine x2  
  33  4:17  SCV x2  
  35  4:32  Planetary Fortress  
  34  4:52  Marine x3  
  36  4:55  Starport Reactor  
  36  4:58  SCV  
  38  5:05  Refinery  
  38  5:06  Refinery  
  38  5:10  Terran Infantry Weapons Level 1, SCV  
  39  5:15  Engineering Bay  
  39  5:19  SCV  
  39  5:21  Starport  
  40  5:26  Siege Tank  
  43  5:31  SCV  
  44  5:38  Viking  
  46  5:47  Supply Depot  
  46  5:54  Viking  
  38  6:23  Marine x2  
  40  6:26  Marine  
  40  6:27  Medivac x2  
  45  6:41  Marine x2  
  45  6:43  Marine  
  45  6:45  Orbital Command  
  48  6:57  Medivac  
  48  6:58  Marine  
  51  7:04  Marine x2  
  51  7:06  Stimpack  
  53  7:11  SCV  
  54  7:34  Missile Turret  
  54  7:36  Missile Turret  
  54  7:37  Sensor Tower  
  54  7:50  Command Center  
  54  8:19  SCV  
  54  8:20  Marine  
  54  8:21  SCV  
  54  8:23  Marine  
  54  8:24  Marine  
  53  8:31  SCV  
  53  8:33  SCV  
  54  8:45  SCV x2  
  54  8:48  Marine x2  
  54  8:58  Supply Depot  
  54  8:59  Supply Depot  
  54  9:01  Viking x2, Marine, SCV x2  
  59  9:06  Marine x2  
  58  9:19  Marine  
  59  9:24  Marine x2  
  61  9:37  Marine  
  62  9:42  Marine x2  
  64  9:54  Marine  
  65  10:00  Marine x2  
  67  10:12  Marine  
  68  10:17  Marine x2  
  70  10:30  Marine  
  71  10:35  Marine x2  
  70  10:48  Marine  
  65  10:53  Marine x2  
  61  11:06  Marine  
  61  11:08  SCV x3  
  61  11:11  Marine x2  
  67  11:24  Marine  
  66  11:29  Marine x2  
  51  11:36  Liberator x2  
  44  11:41  Marine  
  44  11:47  Marine x2  
  42  11:59  Marine  
  42  12:01  Refinery  
  43  12:02  Refinery  
  43  12:04  Marine x2  
  39  12:17  Marine  
  39  12:18  Barracks  
  39  12:22  Marine x2  
  41  12:24  Orbital Command  
  41  12:35  Marine  
  41  12:36  Starport Tech Lab  
  42  12:37  Missile Turret  
  42  12:40  Marine x2  
  44  12:53  Marine  
  44  12:58  Missile Turret, Marine x2  
  45  13:01  Missile Turret x2  
  45  13:09  Barracks  
  44  13:14  Viking  
  44  13:15  Viking  
  44  13:17  Viking  
Show
View Real Time Build Order
Export as new Build Order

TeeWhy Terran 

Build Orders:  

Get SALT Encoding   

  12  0:01  SCV  
  13  0:13  Supply Depot  
  13  0:19  SCV  
  14  0:31  SCV  
  15  0:37  Barracks  
  15  0:43  SCV  
  16  0:52  Barracks  
  16  0:55  SCV  
  17  1:08  SCV  
  18  1:20  SCV  
  19  1:34  Command Center  
  19  1:38  Marine  
  20  1:47  Refinery  
  20  1:53  Engineering Bay  
  20  1:54  Marine  
  21  2:04  Orbital Command  
  21  2:13  Marine  
  22  2:24  Refinery  
  22  2:26  Marine  
  23  2:39  Supply Depot  
  23  2:42  Marine, SCV  
  23  2:44  Marine  
  26  2:54  SCV  
  27  3:00  Terran Infantry Weapons Level 1  
  27  3:04  Marine x2  
  29  3:06  SCV  
  30  3:18  SCV  
  31  3:32  Planetary Fortress  
  31  3:35  SCV  
  32  3:42  Engineering Bay  
  32  3:46  Missile Turret  
  32  3:47  SCV  
  33  3:52  Missile Turret  
  33  3:54  Marine  
  34  3:59  SCV  
  34  4:02  Reaper  
  36  4:08  Refinery  
  36  4:11  Refinery, SCV  
  37  4:18  Marine  
  37  4:23  SCV  
  39  4:31  Terran Infantry Armor Level 1  
  39  4:36  SCV  
  40  4:48  SCV  
  40  5:00  SCV  
  40  5:04  Barracks Tech Lab  
  40  5:05  Barracks Reactor  
  41  5:09  Factory  
  41  5:10  Barracks  
  41  5:11  Barracks  
  41  5:12  SCV  
  42  5:21  Command Center  
  42  5:24  SCV  
  42  5:28  SCV  
  44  5:36  SCV  
  44  5:38  Combat Shield  
  44  5:40  SCV  
  46  5:48  SCV  
  47  5:52  SCV  
  47  5:53  Sensor Tower  
  48  6:00  SCV  
  50  6:04  SCV  
  50  6:05  Barracks Reactor  
  50  6:12  SCV  
  50  6:14  Barracks Reactor  
  50  6:16  Armory  
  51  6:21  Factory Tech Lab  
  51  6:24  SCV  
  51  6:25  SCV  
  53  6:40  Marine  
  53  6:41  Marine x2  
  53  6:46  SCV  
  57  6:55  Starport  
  57  6:58  Marine x2  
  57  6:59  Marine  
  60  7:14  SCV  
  61  7:17  Marine  
  61  7:18  Marine x2  
  61  7:20  Terran Infantry Weapons Level 2, Terran Infantry Armor Level 2  
  64  7:23  SCV, Stimpack  
  64  7:27  Planetary Fortress  
  65  7:33  Marine x4  
  69  7:40  Starport Tech Lab  
  69  7:41  Supply Depot x2  
  69  7:46  Supply Depot  
  69  7:47  Marine  
  69  7:48  Fusion Core  
  69  7:58  Marine  
  69  7:59  Marine  
  69  8:00  SCV  
  69  8:01  Marine, SCV  
  69  8:02  Marine x2  
  69  8:05  Marine  
  66  8:15  Marine x2, SCV  
  66  8:16  Marine  
  66  8:19  Marine  
  67  8:20  Marine  
  64  8:29  Marine x2  
  64  8:33  Marine x2  
  66  8:34  Marine  
  66  8:36  Marine  
  66  8:38  Marine  
  69  8:47  Marine x2  
  70  8:51  Marine x2  
  70  8:52  Marine  
  72  8:58  Marine x2  
  74  9:04  Marine  
  74  9:05  Marine  
  74  9:09  Marine x2  
  73  9:10  Marine  
  73  9:16  Marine x2  
  76  9:22  Marine  
  73  9:24  Marine  
  73  9:31  Marine  
  69  9:35  Marine  
  69  9:37  Marine  
  70  9:43  Starport Tech Lab  
  70  9:51  Marine  
  70  10:11  Marine x2  
  70  10:13  SCV  
  46  10:43  SCV  
  45  10:54  Refinery  
  45  10:55  Refinery  
  36  11:35  Barracks Reactor  
  36  11:37  Barracks Reactor  
  35  11:40  Barracks Reactor  
  8  12:56  Command Center  
Tags
 
Add a new tag
Caveats
  • Supply blocks, unpowered buildings, or Contaminate may cause inaccurate times.
  • Supply counts are checked every 10 seconds.